 Dungeon Crawl Stone Soup version 0.29-a0-323-g050149af67 (webtiles) character file.

Game seed: 6756286283080979671

103355 rageheart7 the Fencer (level 15, -3/141 HPs)
             Began as a Pale Draconian Gladiator on Apr 10, 2022.
             Was an Elder of Wu Jian.
             Killed by the air
             ... invoked by a wind drake
              (10 damage)
             ... on level 2 of the Shoals.
             The game lasted 01:16:14 (38781 turns).

rageheart7 the Fencer (Pale Draconian Gladiator)   Turns: 38781, Time: 01:16:15

Health: -3/141     AC: 14    Str: 17    XL:     15   Next: 88%
Magic:  15/15      EV: 21    Int: 15    God:    Wu Jian [****..]
Gold:   2436       SH:  5    Dex: 19    Spells: 14/14 levels left

rFire   + . .      SeeInvis .   D - +4 scimitar (elec)
rCold   . . .      Faith    .   (no shield)
rNeg    . . .      Spirit   .   (body armour unavailable)
rPois   .          Reflect  +   l - +1 hat
rElec   .          Harm     .   o - +0 cloak
rCorr   .          Rampage  +   (no gloves)
Will    +....      Clarity  +   H - +2 pair of boots {rampage}
Stlth   ++........              t - amulet of reflection
HPRegen 0.33/turn               B - ring of protection from fire
MPRegen 0.14/turn               K - +6 ring of intelligence

@: exhausted
A: breathe steam, AC +9, unfitting armour, cold-blooded, steam resistance,
clarity, sense surroundings 1
a: Breathe Steam, Renounce Religion, Wall Jump, Serpent's Lash


You were on level 2 of the Shoals.
You worshipped Wu Jian.
Wu Jian was greatly pleased with you.
You visited 5 branches of the dungeon, and saw 26 of its levels.
You visited 1 bazaar.
You also visited: Ossuary.

You collected 2662 gold pieces.
You spent 226 gold pieces at shops.

Inventory:

Hand Weapons
 D - a +4 scimitar of electrocution (weapon)
 L - the +6 rapier of Kindness {speed, Will- MP+9 Dex+4}
   (You found it on level 4 of the Lair of Beasts)

   Attacks with this weapon are significantly faster.
   Dex:       It affects your dexterity (+4).
   MP:        It affects your magic capacity (+9).
   Will:      It decreases your willpower.
Missiles
 c - 3 throwing nets (quivered)
 d - 6 javelins
 s - 4 silver javelins
Armour
 l - a +1 hat (worn)
 o - a +0 cloak (worn)
 q - a +2 cloak
 H - a +2 pair of boots of rampaging (worn)
Jewellery
 t - an amulet of reflection (around neck)
 B - a ring of protection from fire (left hand)
 K - a +6 ring of intelligence (right hand)
Wands
 A - a wand of charming (7)
 M - a wand of flame (12)
 O - a wand of mindburst (1)
Scrolls
 b - a scroll of summoning
 g - 9 scrolls of teleportation
 i - 4 scrolls of immolation
 j - 9 scrolls of magic mapping
 k - a scroll of fog
 u - 3 scrolls of brand weapon
 y - 2 scrolls of amnesia
 z - 4 scrolls of enchant armour
 E - 4 scrolls of enchant weapon
 G - 2 scrolls of fear
 I - 3 scrolls of holy word
Potions
 e - 3 potions of flight
 f - 5 potions of cancellation
 h - a potion of haste
 m - a potion of resistance
 n - 3 potions of brilliance
 p - a potion of heal wounds
 v - 9 potions of attraction
 w - a potion of berserk rage
 x - 3 potions of invisibility
 C - 11 potions of curing
 F - a potion of might
 J - a potion of mutation
 N - a potion of magic


   Skills:
 - Level 15.0 Fighting
 + Level 16.6 Long Blades
 - Level 1.7 Throwing
 + Level 13.1 Dodging
 - Level 6.0 Shields
 + Level 14.2 Evocations


You had 14 spell levels left.
You didn't know any spells.
Your spell library contained the following spells:

 Spells                   Type           Power      Damage    Failure   Level
 Animate Skeleton         Necr           0%         N/A       26%         1
 Beastly Appendage        Tmut           0%         N/A       26%         1
 Magic Dart               Conj           0%         1d3       26%         1
 Pain                     Necr           0%         1d4       26%         1
 Call Imp                 Summ           0%         N/A       38%         2
 Scorch                   Fire           0%         2d5       38%         2
 Wereblood                Tmut           0%         N/A       38%         2
 Call Canine Familiar     Summ           0%         N/A       63%         3
 Gell's Gravitas          Tloc           0%         N/A       63%         3
 Mephitic Cloud           Conj/Pois/Air  0%         N/A       63%         3
 Ozocubu's Armour         Ice            0%         N/A       63%         3
 Portal Projectile        Hex/Tloc       0%         N/A       63%         3
 Spider Form              Tmut/Pois      0%         N/A       63%         3
 Stone Arrow              Conj/Erth      0%         3d7       63%         3
 Summon Guardian Golem    Hex/Summ       0%         N/A       63%         3
 Teleport Other           Tloc           0%         N/A       63%         3
 Tukima's Dance           Hex            0%         N/A       63%         3
 Vampiric Draining        Necr           0%         2d6       63%         3
 Anguish                  Hex/Necr       0%         N/A       95%         4
 Flame Wave               Conj/Fire      0%         2d4       95%         4
 Leda's Liquefaction      Hex/Erth       0%         N/A       95%         4
 Agony                    Necr           0%         N/A       100%        5
 Excruciating Wounds      Necr           0%         N/A       100%        5
 Metabolic Englaciation   Hex/Ice        0%         N/A       100%        5
 Dispersal                Tloc           0%         N/A       100%        6
 Simulacrum               Ice/Necr       0%         N/A       100%        6
 Summon Cactus Giant      Summ           0%         N/A       100%        6
 Enfeeble                 Hex            0%         N/A       100%        7
 Orb of Destruction       Conj           0%         9d5       100%        7
 Spellforged Servitor     Conj/Summ      0%         N/A       100%        7
 Lehudib's Crystal Spear  Conj/Erth      0%         10d2      100%        8
 Animate Armour           Summ/Erth      Unusable   N/A       N/A         4

Dungeon Overview and Level Annotations

Branches:
Dungeon (15/15)            Temple (0/1) D:4            Lair (6/6) D:10
 Shoals (2/4) Lair:2       Spider (0/4) Lair:2        Slime (0/5) Lair:6
    Orc (2/2) D:9             Elf (1/3) Orc:2        Vaults (0/5) D:13
 Depths (0/4) D:15        Ossuary (visited)

Altars:
Cheibriados
Dithmenos
Hepliaklqana
Kikubaaqudgha
Makhleb
Qazlal
Ru
Vehumet
Wu Jian
Yredelemnul
Zin
The Shining One
Beogh
Lugonu

Shops:
D:6 (   D:8 [   D:9 =   Orc:2 **[(   Shoals:1 [*

Annotations:
D:10 2 transporters
D:13 3 runed translucent doors, Ketz's ghost, journeyman DsMo
Lair:1 exclusion: 2 oklob plants


Innate Abilities, Weirdness & Mutations

You can breathe blasts of scalding, opaque steam.
Your pale cyan-grey scales are hard. (AC +9)
You cannot fit into any form of body armour.
You are cold-blooded and may be slowed by cold attacks.
You are immune to the effects of steam.
You possess an exceptional clarity of mind.
You passively map a small area around you.


Message History

The snapping turtle closely misses you. You block the snapping turtle's attack.
The snapping turtle barely misses you.
The snapping turtle completely misses you.
You spin and attack the harpy repeatedly.
You barely miss the harpy. You hit the harpy.
The harpy is lightly wounded.
The harpy completely misses you. The harpy claws you!
The snapping turtle bites you but does no damage.
The harpy completely misses you. The harpy barely misses you.
You block the harpy's attack. The harpy claws you but does no damage.
The harpy attacks as you move away! The harpy claws you but does no damage.
The harpy misses you. The harpy claws you. The harpy barely misses you.
The harpy claws you! The harpy claws you but does no damage.
The harpy completely misses you. x2
The harpy screeches!
The harpy claws you!
* * * LOW HITPOINT WARNING * * *
The harpy misses you. The harpy completely misses you. x3
The harpy claws you.
* * * LOW HITPOINT WARNING * * *
The harpy barely misses you. The harpy completely misses you.
Your muscles tense, ready for explosive movement...
Your supernatural speed expires.
The harpy screeches!
You enter the shallow water.
Moving in this stuff is going to be slow.
The harpy closely misses you. The harpy completely misses you.
The harpy claws you!
* * * LOW HITPOINT WARNING * * *
The harpy claws you but does no damage.
The harpy screeches! x2
The harpy misses you. The harpy closely misses you.
You block the harpy's attack. The harpy claws you!
* * * LOW HITPOINT WARNING * * *
The harpy claws you!
* * * LOW HITPOINT WARNING * * *
The harpy barely misses you. The wind drake flaps its wings at you.
The air twists around and strikes you!
You die...

≈≈≈≈≈≈≈≈≈≈..≈...≈≈≈≈≈# ,
≈ ≈
≈≈≈≈≈≈≈≈≈........≈≈≈#. ,,
≈≈≈≈≈≈≈≈≈≈≈≈..t.t.....≈#
,
≈≈≈≈≈≈≈≈≈≈≈....○.........
≈≈≈≈≈≈≈≈≈≈≈.....k$.....#.
≈≈≈≈≈≈≈≈≈≈≈..c...>.....#
≈≈≈≈≈≈≈≈≈≈≈≈≈...........#
≈≈≈≈..≈≈≈≈≈≈HHH≈≈≈......#
≈≈≈...≈≈≈≈)≈.@≈≈≈≈≈≈.....
≈≈.#...≈≈(..≈≈≈≈≈≈≈≈... ,
≈≈≈≈...≈<.†..≈≈≈_≈≈≈≈..
≈≈≈≈≈.≈≈≈..##≈≈≈≈≈≈≈≈. ≈
≈≈≈≈≈≈≈≈≈...##≈≈≈≈≈≈≈ ,
≈≈≈≈≈≈≈≈≈......≈≈≈≈≈≈ ≈
≈≈≈≈≈≈≈≈≈...≈..≈≈≈≈≈≈ ,
≈≈≈≈≈≈≈≈≈..≈≈≈≈≈≈≈≈≈≈
≈≈≈≈≈≈≈≈≈...≈≈≈≈≈≈≈ ,


You could see 2 snapping turtles, a wind drake (repels missiles), a centaur
warrior and 3 harpies.

Vanquished Creatures
  Saint Roka (Orc:2)
  A stone giant (D:15)
  An ettin (Orc:2)
  Snorg (Orc:1)
  A merfolk javelineer (Shoals:1)
  A merfolk impaler (Shoals:1)
  A yaktaur captain (D:13)
  Josephine (Shoals:1)
  Fannar (Orc:1)
  4 hydras
  4 boulder beetles
  7 two-headed ogres
  3 catoblepae
  3 centaur warriors
  A deep troll shaman (Lair:6)
  A merfolk aquamancer (Shoals:1)
  6 death yaks (Lair:6)
  Nergalle (D:10)
  A fire crab (Lair:6)
  A sea snake (Shoals:1)
  2 orc knights (Orc:2)
  A wizard (D:14)
  Pikel (D:7)
  A lindwurm (Lair:6)
  3 deep elf pyromancers
  4 manticores
  2 orc sorcerers
  7 cyclopes
  5 ugly things
  4 fauns (Shoals:1)
  21 elephants
  6 black mambas
  An oklob plant (Lair:1)
  Maurice (D:8)
  A water nymph (Shoals:1)
  3 merfolk sirens (Shoals:1)
  Psyche (D:11)
  A gargoyle (D:12)
  14 cane toads
  6 komodo dragons
  5 rime drakes
  3 kobold demonologists
  2 yaktaurs (D:13)
  10 merfolk
  4 meliai
  A queen bee (Lair:2)
  A polar bear (Lair:4)
  9 trolls
  A wind drake (Shoals:1)
  A hornet (D:9)
  4 dream sheep (Shoals:2)
  26 slime creatures
  2 snapping turtles
  21 blink frogs
  A centaur simulacrum (D:14)
  3 shadows
  3 vampires
  52 yaks
  7 wyverns
  6 wraiths
  5 water elementals
  Grum (D:11)
  3 steam dragons
  9 basilisks
  14 wargs
  An acid dragon (D:9)
  16 water moccasins
  23 orc warriors
  2 ice beasts
  3 black bears
  4 sky beasts
  The ghost of NateTC the Skirmisher, an amateur FoFi (D:14)
  6 ogres
  38 wolves
  7 centaurs
  A lemure (D:7)
  4 kobold brigands
  11 bullfrogs
  3 necrophages
  5 gnoll sergeants
  2 scorpions
  4 wights
  51 killer bees
  14 howler monkeys
  An electric eel (Lair:1)
  8 hounds
  5 jellies
  4 gnoll shamans
  19 orc priests
  4 iguanas
  28 orc wizards
  2 hound zombies (Ossuary)
  A hound skeleton (D:6)
  4 mummies (Ossuary)
  16 gnolls
  6 adders
  A white imp (D:7)
  An ufetubus (D:5)
  2 adder zombies (Ossuary)
  A worm (D:4)
  78 orcs
  4 ball pythons
  5 bats
  4 endoplasms
  3 giant cockroaches
  5 goblins
  6 hobgoblins
  9 kobolds
  3 frilled lizards
  3 goblin zombies
  2 hobgoblin zombies (Ossuary)
  A kobold zombie (Ossuary)
  2 orc zombies (Ossuary)
  A quokka zombie (D:5)
  2 rats
  A rat zombie (Ossuary)
748 creatures vanquished.

Vanquished Creatures (others)
  A death yak (Lair:6)
  2 bushes (D:10)
  51 fungi
  94 plants
148 creatures vanquished.

Grand Total: 896 creatures vanquished

Notes
Turn   | Place    | Note
-------+----------+-------------------------------------------
     0 | D:1      | rageheart7 the Draconian Gladiator began the quest for the
                  | Orb.
     0 | D:1      | Reached XP level 1. HP: 17/17 MP: 1/1
   509 | D:2      | Reached XP level 2. HP: 22/25 MP: 2/2
  1204 | D:2      | Found a faded altar of an unknown god.
  1345 | D:2      | Prayed at the altar of an unknown god.
  1345 | D:2      | Became a worshipper of the Wu Jian Council
  1345 | D:2      | Reached * piety under Wu Jian
  1406 | D:3      | Reached XP level 3. HP: 30/31 MP: 3/3
  1783 | D:3      | Found a snail-covered altar of Cheibriados.
  1783 | D:3      | Found a glowing silver altar of Zin.
  1853 | D:3      | Found a basalt altar of Yredelemnul.
  2417 | D:4      | You fall into a shaft and drop 1 floor!
  2417 | D:5      | Entered Level 5 of the Dungeon
  2445 | D:5      | Reached skill level 4 in Long Blades
  2445 | D:5      | Reached XP level 4. HP: 23/40 MP: 4/4
  2445 | D:5      | Noticed a steam dragon
  2520 | D:5      | Reached XP level 5. HP: 7/47 MP: 5/5
  2544 | D:5      | Found a sand-covered staircase.
  2551 | Ossuary  | Entered an ossuary
  2576 | Ossuary  | Reached ** piety under Wu Jian
  2941 | Ossuary  | Reached skill level 5 in Long Blades
  3139 | Ossuary  | Reached skill level 5 in Fighting
  3361 | D:4      | Reached XP level 6. HP: 53/56 MP: 6/6
  3481 | D:4      | Found a staircase to the Ecumenical Temple.
  4106 | D:5      | Killed a steam dragon
  4107 | D:5      | Reached skill level 6 in Long Blades
  4310 | D:5      | Your scales start taking on a pale cyan-grey colour.
  4310 | D:5      | Reached XP level 7. HP: 52/63 MP: 7/7
  4310 | D:5      | Gained mutation: You are immune to the effects of steam.
                  | [Pale Draconian growth]
  4995 | D:6      | Reached skill level 7 in Long Blades
  5008 | D:6      | Reached *** piety under Wu Jian
  5018 | D:6      | Reached XP level 8. HP: 34/73 MP: 8/8
  5248 | D:6      | Found a burning altar of Makhleb.
  5647 | D:6      | Reached skill level 8 in Long Blades
  6292 | D:6      | Reached XP level 9. HP: 18/84 MP: 9/9
  6297 | D:6      | Reached skill level 9 in Long Blades
  6319 | D:6      | HP: 1/84 [something/puff of flame (10)]
  6329 | D:6      | HP: 3/84 [gnoll sergeant/stone (1)]
  6886 | D:6      | Reached skill level 10 in Fighting
  6994 | D:6      | Noticed a troll
  7000 | D:6      | Killed a troll
  7001 | D:6      | Reached skill level 1 in Evocations
  7315 | D:6      | Reached skill level 10 in Long Blades
  7808 | D:6      | Found a faded altar of an unknown god.
  7808 | D:6      | Found a sacrificial altar of Ru.
  7816 | D:6      | Found an ancient bone altar of Kikubaaqudgha.
  7818 | D:6      | Found a faded altar of an unknown god.
  7820 | D:6      | Found a hazy altar of Hepliaklqana.
  7824 | D:6      | Reached **** piety under Wu Jian
  7863 | D:6      | Found Edoeczir's Weapon Emporium.
  8195 | D:7      | Reached XP level 10. HP: 88/93 MP: 10/10
  8378 | D:7      | Reached skill level 5 in Dodging
  8730 | D:7      | Reached skill level 11 in Long Blades
  8835 | D:7      | Noticed a cyclops
  8843 | D:7      | Killed a cyclops
  9388 | D:7      | Noticed Pikel
  9398 | D:7      | Killed Pikel
  9478 | D:8      | Noticed Maurice
  9550 | D:8      | Killed Maurice
  9551 | D:8      | Reached skill level 5 in Evocations
  9948 | D:8      | Found a glowing golden altar of the Shining One.
 10198 | D:8      | Found Naid's Armour Boutique.
 10614 | D:9      | Found Jueg's Jewellery Shop.
 10874 | D:9      | Reached XP level 11. HP: 99/99 MP: 11/11
 11081 | D:9      | Noticed a two-headed ogre
 11087 | D:9      | Killed a two-headed ogre
 11088 | D:9      | Reached skill level 12 in Long Blades
 11106 | D:9      | Reached ***** piety under Wu Jian
 11377 | D:9      | Found a staircase to the Orcish Mines.
 11405 | D:10     | Entered Level 10 of the Dungeon
 11451 | D:10     | Noticed a two-headed ogre
 11454 | D:10     | Killed a two-headed ogre
 11766 | D:10     | Noticed Nergalle
 11775 | D:10     | Killed Nergalle
 11997 | D:10     | Found a transporter.
 11998 | D:10     | Noticed a green ugly thing
 12001 | D:10     | Found a transporter.
 12003 | D:10     | Found a corrupted altar of Lugonu.
 12053 | D:10     | Noticed a cyan ugly thing
 12063 | D:10     | Killed a cyan ugly thing
 12196 | D:10     | Found a stormy altar of Qazlal.
 12283 | D:10     | Found a staircase to the Lair.
 12290 | D:10     | Noticed a two-headed ogre
 12330 | D:10     | Killed a two-headed ogre
 12344 | D:10     | Reached skill level 13 in Long Blades
 12627 | D:10     | Noticed a two-headed ogre
 12632 | D:10     | Killed a two-headed ogre
 12929 | D:10     | Noticed a cyan ugly thing
 13371 | D:11     | Noticed a seven-headed hydra
 13598 | D:11     | Noticed a two-headed ogre
 13605 | D:11     | Killed a two-headed ogre
 13611 | D:11     | Reached XP level 12. HP: 94/106 MP: 12/12
 13765 | D:11     | Noticed Grum
 13782 | D:11     | Killed Grum
 14154 | Orc:1    | Entered Level 1 of the Orcish Mines
 14157 | Orc:1    | Noticed Fannar
 14171 | Orc:1    | Killed Fannar
 14280 | Orc:1    | Noticed Snorg
 14294 | Orc:1    | Killed Snorg
 14733 | Orc:2    | Entered Level 2 of the Orcish Mines
 14738 | Orc:2    | Found a staircase to the Elven Halls.
 14796 | Orc:2    | Reached skill level 10 in Dodging
 14828 | Orc:2    | Reached skill level 14 in Long Blades
 14846 | Orc:2    | Noticed a two-headed ogre
 14856 | Orc:2    | Noticed an ettin
 14864 | Orc:2    | Killed a two-headed ogre
 15579 | Orc:1    | Reached skill level 10 in Evocations
 15925 | Orc:2    | Killed an ettin
 15926 | Orc:2    | Reached skill level 1 in Shields
 16032 | Orc:2    | Found Woyh's General Store.
 16128 | Orc:2    | Reached ****** piety under Wu Jian
 16215 | Orc:2    | Noticed Saint Roka
 16512 | Lair:1   | Entered Level 1 of the Lair of Beasts
 18364 | Lair:2   | Found a hole to the Spider Nest.
 18460 | Lair:2   | Reached XP level 13. HP: 113/116 MP: 13/13
 18520 | Lair:2   | Found a staircase to the Shoals.
 18603 | Lair:2   | Found a radiant altar of Vehumet.
 19515 | Lair:2   | Reached skill level 5 in Shields
 20941 | Lair:2   | Identified a scroll of acquirement
 20942 | Lair:2   | Acquired a +1 pair of boots of rampaging
 23434 | Lair:4   | Reached XP level 14. HP: 26/133 MP: 14/14
 23903 | Lair:4   | Reached skill level 15 in Fighting
 24718 | Lair:4   | Identified the +6 rapier of Kindness {speed, Will- MP+9
                  | Dex+4}
 26224 | Lair:6   | Entered Level 6 of the Lair of Beasts
 26224 | Lair:6   | Found a staircase to the Slime Pits.
 27095 | Lair:6   | Reached skill level 15 in Long Blades
 28341 | Lair:6   | Identified the +6 scale mail of Sin {Str+8 Int-2}
 28613 | Elf:1    | Entered Level 1 of the Elven Halls
 29692 | D:11     | Found an ancient bone altar of Kikubaaqudgha.
 30209 | D:12     | Noticed Psyche
 30215 | D:12     | Reached XP level 15. HP: 141/141 MP: 15/15
 30568 | D:11     | Killed Psyche
 32227 | D:12     | Identified the +7 trident of Mayhem {vorpal, rF++ rC+ rCorr
                  | Int+3 Stlth-}
 32319 | D:13     | Found a gate to the Vaults.
 33020 | D:13     | Found a runed translucent gate.
 33020 | D:13     | Found a runed translucent gate.
 33021 | D:13     | Found a runed translucent gate.
 33021 | D:13     | Found an ancient bone altar of Kikubaaqudgha.
 33021 | D:13     | Noticed a lich
 33021 | D:13     | Noticed a lich
 33021 | D:13     | Found the +9 staff of Wucad Mu {*channel}
 33021 | D:13     | Noticed a lich
 33021 | D:13     | Noticed a lich
 33022 | D:13     | Noticed Ketz's ghost (journeyman DsMo)
 34109 | D:14     | Reached skill level 16 in Long Blades
 34846 | D:14     | Found a shadowy altar of Dithmenos.
 34926 | D:14     | Found a runed translucent door.
 35145 | D:14     | Noticed NateTC's ghost (amateur FoFi)
 35237 | D:14     | Killed NateTC's ghost
 35276 | D:15     | Entered Level 15 of the Dungeon
 35301 | D:15     | Found a staircase to the Depths.
 35591 | D:14     | Gained mutation: You possess an exceptional clarity of
                  | mind. [potion of mutation]
 35591 | D:14     | Gained mutation: You passively map a small area around you.
                  | [potion of mutation]
 35768 | Orc:2    | Found Hadiy's Antique Weapon Shoppe.
 35784 | Orc:2    | Found Xoyh's Antique Armour Emporium.
 35894 | Orc:2    | Found Hug Mawi's General Store.
 35921 | Orc:2    | Bought a scroll of fear for 45 gold pieces
 35921 | Orc:2    | Bought a potion of heal wounds for 65 gold pieces
 36099 | Orc:2    | Killed Saint Roka
 36453 | Shoals:1 | Entered Level 1 of the Shoals
 36745 | Shoals:1 | Noticed Josephine
 36766 | Shoals:1 | Killed Josephine
 36837 | Shoals:1 | Found a flickering gateway to a bazaar.
 36849 | Bazaar   | Entered a bazaar
 37071 | Bazaar   | Found Otumik's Weapon Emporium.
 37087 | Bazaar   | Found Axah's Antique Armour Emporium.
 37103 | Bazaar   | Found Lysed's Assorted Antiques.
 37171 | Bazaar   | Found Xumokex's Armour Emporium.
 37171 | Bazaar   | Found Yfin's Magic Scroll Shoppe.
 37188 | Bazaar   | Bought a scroll of magic mapping for 31 gold pieces
 37188 | Bazaar   | Bought a scroll of summoning for 85 gold pieces
 37249 | Shoals:1 | Found Tyedevepn's General Store.
 37886 | Shoals:1 | Found Ile Yqef's Antique Armour Emporium.
 38576 | Shoals:2 | Found a burning altar of Makhleb.
 38781 | Shoals:2 | HP: 7/141 [harpy (9)]
 38781 | Shoals:2 | Killed from afar by a wind drake

Illustrated notes

Levels and vault maps discovered:
D:1:      dpeg_arrival_fog, layout_rooms, lemuel_old_faithful
D:2:      layout_loops_cross, hellmonk_ecumenical_altar_prayer_group
D:3:      layout_loops_corners, mainiacjoe_overflow_brackets,
          gammafunk_temple_overflow_wave
D:4:      layout_loops_ring, minmay_temple_entry_ruins, due_unseen_surprise
D:5:      layout_basic, enter_ossuary_4, hangedman_decor_lopped,
          minmay_statues_item, fountainhead
D:6:      lemuel_castle_with_subvaults [lemuel_castle_interior_carwin_2],
          layout_gridville, makhleb_blood_cavern_becter,
          chequers_temple_overflow_minitemple, serial_shops,
          nicolae_shop_waterfront
D:7:      nzn_winding_woodlands_medium [nzn_winding_woodlands_5x5_checkerboard,
          nzn_winding_woodlands_5x15_parted,
          nzn_winding_woodlands_5x5_closed_star,
          nzn_winding_woodlands_5x5_default,
          nzn_winding_woodlands_center_diamonds,
          nzn_winding_woodlands_5x5_perimeter, nzn_winding_woodlands_hourglass,
          nzn_winding_woodlands_5x15_pool, nzn_winding_woodlands_5x5_cross],
          layout_rooms, uniq_pikel
D:8:      layout_basic, mainiacjoe_overflow_alcove_2, serial_shops, shop,
          uniq_maurice
D:9:      layout_rooms, orc_0_dummy, serial_shops, nicolae_take_the_stairs,
          st_stairs_3, feat_on_display
D:10:     gammafunk_corrupted_shrine, layout_loops_corners,
          nicolae_qazlal_eye_of_the_storm, minmay_lair_entry_grove,
          uniq_nergalle
D:11:     layout_loops_cross, kiku_gazebo_garden_becter, uniq_grum
D:12:     layout_irregular_city, uniq_psyche
D:13:     layout_roguey, david_vaults_2, gammafunk_ghost_crypt
D:14:     layout_irregular_city, ebering_ghost_reflecting_pool,
          nicolae_dithmenos_shadow_blocks
D:15:     grunt_enter_depths_giant_problem, layout_gridville
Lair:1:   minmay_lair_oklob_chamber, layout_misc_corridors,
          serial_bayou_shore_a, lemuel_fruit_fields
Lair:2:   regret_index_combs_of_tragedy, layout_layer_cave, shoals_dummy_entry,
          spider_nest_entry_web_field, basic_altar,
          chequers_serial_rivers_micro_b
Lair:3:   layout_roguey, beast_lair_carwin_1, infiniplex_staircase_pool
Lair:4:   layout_layer_cave, grunt_megastairs_5
Lair:5:   layout_cave_pods
Lair:6:   grunt_lair_end_beastmaster, layout_regular_city,
          minmay_slime_entry_pillars, minivault_27
Shoals:1: layout_shoals, serial_shops, bzr_firewalk,
          nicolae_shop_hallway_stairs, shop, nicolae_shoals_arrival_archipelago,
          uniq_josephine
Shoals:2: layout_shoals, nicolae_shoals_circle_sea_wall, lemuel_altar_in_water2,
          yaktaur_hedge
Orc:1:    cheibrodos_orc_guarddog, layout_caves, mines_bat_river, uniq_fannar,
          uniq_snorg
Orc:2:    grunt_orc_community_town_hall, layout_caves,
          grunt_orc_community_big_house_2, grunt_orc_community_big_house_1,
          grunt_orc_community_house_3, grunt_orc_community_house_3,
          grunt_orc_community_house_2, grunt_orc_community_house_1,
          grunt_orc_community_house_2, grunt_orc_community_house_2
Elf:1:    elf_arrival_001, layout_geoelf_grid, serial_shops,
          nicolae_shop_crystal, nicolae_shop_bloodbath_and_beyond,
          nicolae_shop_hallway_stairs, shop, minmay_elf_sorcery,
          minmay_shop_grove

Skill      XL: |  1  2  3  4  5  6  7  8  9 10 11 12 13 14 15 |
---------------+----------------------------------------------+-----
Fighting       | 3 4 5 6 7 9 10 11 14 15 | 15.0
Long Blades    | 4 5 6 7 8 10 11 13 14 15 16 | 16.6
Dodging        | 4 7 9 10 11 13 | 13.1
Evocations     | 3 5 7 10 12 14 | 14.2
Shields        | 3 6 |  6.0
Throwing       | |  1.7

Action                   |  1- 3 |  4- 6 |  7- 9 | 10-12 | 13-15 || total
-------------------------+-------+-------+-------+-------+-------++-------
Melee: Long sword        |    76 |       |       |       |       ||    76
       Tailslap          |    12 |    30 |    68 |    92 |   248 ||   450
       Punch             |     1 |     2 |     5 |    11 |    22 ||    41
       Short sword       |    29 |   206 |   270 |       |       ||   505
       Scimitar          |       |       |   159 |   703 |  1479 ||  2341
       Rapier            |       |       |       |       |    14 ||    14
Throw: Throwing net      |       |       |       |     1 |       ||     1
Invok: Whirlwind         |     2 |     8 |    12 |    92 |   281 ||   395
       Lunge             |     2 |    11 |    20 |    39 |    13 ||    85
       Serpent's Lash    |       |       |       |     3 |    14 ||    17
       Heavenly Storm    |       |       |       |       |     1 ||     1
 Abil: Wall Jump         |       |     1 |     3 |     9 |    23 ||    36
       Breathe Steam     |       |       |     6 |    37 |    77 ||   120
Evoke: Wand              |       |       |       |     9 |    23 ||    32
  Use: Scroll            |     8 |     5 |     6 |     7 |    15 ||    41
       Potion            |       |     2 |     2 |     5 |    10 ||    19
 Stab: Sleeping          |     1 |       |     1 |     2 |     9 ||    13
       Distracted        |       |       |       |       |     2 ||     2
Armor: Skin              |    32 |    84 |   105 |   177 |   329 ||   727
Dodge: Dodged            |    78 |   107 |   200 |   524 |   966 ||  1875
Block: Other             |       |       |       |       |    36 ||    36
       Reflection        |       |       |       |       |     3 ||     3

Table legend: (Time is in decaauts)
 A = Elapsed time spent in this place.
 B = Non-inter-level travel time spent in this place.
 C = Inter-level travel time spent in this place.
 D = Time resting spent in this place.
 E = Time spent auto-exploring this place.
 F = Levels seen in this place.
 G = Mean time per level.
                   A        B        C        D        E       F      G
               +--------+--------+--------+--------+--------+-----+--------+
         Total |  38317 |  36730 |   1587 |   4927 |  26328 |  28 | 1368.5 |
       Dungeon |  19539 |  18576 |    963 |   1293 |  14589 |  15 | 1302.6 |
          Lair |  11925 |  11544 |    381 |   2206 |   7904 |   6 | 1987.5 |
        Shoals |   1985 |   1941 |     44 |      4 |   1508 |   2 |  992.5 |
  Orcish Mines |   3823 |   3626 |    197 |   1077 |   1819 |   2 | 1911.5 |
   Elven Halls |      1 |      1 |      0 |      0 |      0 |   1 |    1.0 |
        Bazaar |    362 |    362 |      0 |     52 |    240 |   1 |  362.0 |
       Ossuary |    678 |    678 |      0 |    295 |    266 |   1 |  678.0 |
               +--------+--------+--------+--------+--------+-----+--------+

Top non-repeatable levels by time:
     D:6: 2643 daAuts
  Lair:2: 2636 daAuts
  Lair:4: 2402 daAuts
   Orc:1: 2340 daAuts
  Lair:6: 2160 daAuts
    D:10: 2065 daAuts
    D:11: 2019 daAuts
  Lair:3: 2004 daAuts
    D:14: 1972 daAuts
  Lair:1: 1904 daAuts
Shoals:1: 1895 daAuts
     D:5: 1613 daAuts
    D:12: 1489 daAuts
   Orc:2: 1482 daAuts
     D:7: 1402 daAuts
